 Dungeon Sprint DCSS version 0.17-a0-1798-g879a7aa (webtiles) character file.

29257 esc the Tortoise (level 13, 35/134 HPs)
             Began as a Deep Dwarf Fighter on Sept 10, 2015.
             Was the Champion of Makhleb.
             Quit the game in the Dungeon (Sprint IX: "|||||||||||||||||||||||||||||").
             The game lasted 00:26:06 (2626 turns).

esc the Tortoise (Deep Dwarf Fighter)               Turns: 2626, Time: 00:26:06

Health: 35/134     AC: 32    Str: 22    XL:     13   Next: 14%
Magic:  18/18      EV: 15    Int: 12    God:    Makhleb [******]
Gold:   230        SH: 22    Dex: 19    Spells: 0 memorised, 12 levels left

rFire  . . .     SeeInvis .     a - +0 flail
rCold  . . .     Clarity  .     b - +11 plate armour of the Catfish {MR+ Str+2 Int+2}
rNeg   . . .     SustAt   .     N - +1 large shield
rPois  +         Gourm    .     M - +0 hat
rElec  .         Spirit   .     H - +1 cloak {rPois}
rCorr  .         Warding  .     E - +0 pair of gloves
rMut   .         NoTele   +     (no boots)
MR     +++..                    (no amulet)
Stlth  ..........               K - ring of protection from magic {MR+, !d}
                                z - +3 ring of dexterity

@: exhausted, very slightly contaminated, non-regenerating, slowed, very slow,
extremely resistant to hostile enchantments, extremely unstealthy
A: damage resistance, recharge devices, sense surroundings 2, slow healing 3
a: Device Recharging, Minor Destruction, Lesser Servant of Makhleb, Major
Destruction, Greater Servant of Makhleb, Renounce Religion


You were in the Dungeon.
You worshipped Makhleb.
Makhleb was exalted by your worship.
You were not hungry.

You visited 1 branch You collected 1900 gold pieces.
You spent 1670 gold pieces at shops.

Inventory:

Hand weapons
 a - a +0 flail (weapon)
 k - a +2 battleaxe of freezing
   (You took it off a frost giant in the Dungeon)
 C - a +4 scimitar of flaming
   (You took it off Erica in the Dungeon)
 I - a +1 whip of venom
   (You bought it in a shop in the Dungeon)
Armour
 b - the +11 plate armour of the Catfish (worn) {MR+ Str+2 Int+2}
   (You bought it in a shop in the Dungeon)

   It affects your strength (+2).
   It affects your intelligence (+2).
   It affects your resistance to hostile enchantments.
 c - a +1 fire dragon armour {rF++, rC-}
   (You found it in the Dungeon)
 E - a +0 pair of gloves (worn)
   (You found it in the Dungeon)
 H - a +1 cloak of poison resistance (worn)
   (You bought it in a shop in the Dungeon)
 M - a +0 hat (worn)
   (You found it in the Dungeon)
 N - a +1 large shield (worn)
   (You found it in the Dungeon)
 P - a +1 ice dragon armour {rC++, rF-}
   (You found it in the Dungeon)
Magical staves
 p - an uncursed staff of energy {@w1+MP, hungerless spells, !d!a}
   (You found it in the Dungeon)
 t - an uncursed staff of fire {rF+}
   (You found it in the Dungeon)
Jewellery
 y - an uncursed amulet of stasis {Stasis, !d}
   (You found it in the Dungeon)
 z - a +3 ring of dexterity (left hand)
   (You found it in the Dungeon)
 A - a +3 ring of dexterity
   (You found it in the Dungeon)
 F - an uncursed ring of positive energy {rN+}
   (You found it in the Dungeon)
 K - a ring of protection from magic (right hand) {MR+, !d}
   (You found it in the Dungeon)
 L - an uncursed ring of fire {rF+, rC-}
   (You found it in the Dungeon)
Magical devices
 e - a wand of heal wounds (2)
 q - a wand of cold (0)
   (You found it in the Dungeon)
Scrolls
 l - 4 scrolls of blinking {!r}
 n - 3 scrolls of remove curse
 o - 2 scrolls of amnesia
 s - a scroll of identify
 u - 2 scrolls of fog
 v - 6 scrolls of enchant armour
 w - 3 scrolls of fear
Potions
 d - a potion of might
 g - 8 potions of curing
 h - 7 potions of heal wounds
 i - 2 potions of resistance
 j - 4 potions of magic
 m - a potion of invisibility
 r - 3 potions of brilliance
 x - 4 potions of haste
 G - a potion of cancellation
Comestibles
 f - 11 bread rations {@e1}
 B - 40 fruits
 D - 12 meat rations {@e2}
 J - 13 chunks of flesh {@w0}


   Skills:
 + Level 13.7 Fighting
 + Level 14.5 Maces & Flails
 + Level 15.9 Armour
 + Level 15.6 Dodging
 + Level 15.8 Shields
 + Level 15.2 Invocations
 - Level 7.4 Evocations


You had 12 spell levels left.
You didn't know any spells.

Dungeon Overview and Level Annotations

Branches:
Dungeon (1/1)

Altars:
Cheibriados
Dithmenos
Elyvilon
Fedhas
Gozag
Kikubaaqudgha
Makhleb
Nemelex Xobeh
Okawaru
Qazlal
Ru
Sif Muna
Trog
Vehumet
Xom
Yredelemnul
Zin
The Shining One
Beogh
Jiyva
Lugonu

Shops:
D !([(


Innate Abilities, Weirdness & Mutations

You are resistant to damage.
You can recharge devices by infusing magical energy.
You passively map the area around you.
You do not heal naturally.


Message History

You miss the Executioner. You block the Executioner's attack.
The Executioner hits you.
The Executioner hits you but does no damage.
You take 3 damage, and have 104/201 hp.
You barely miss the Executioner. You block the Executioner's attack.
The Executioner hits you. You block the Executioner's attack.
The spriggan berserker prays to Trog.
The spriggan berserker goes berserk!
You block the Executioner's attack.
The Executioner hits you but does no damage. x2
You closely miss the Executioner. You block the Executioner's attack.
The Executioner hits you but does no damage.
You block the Executioner's attack.
You closely miss the Executioner. You block the Executioner's attack.
The Executioner hits you but does no damage.
You block the Executioner's attack.
The Executioner hits you but does no damage. x2
You block the Executioner's attack.
You miss the Executioner. You block the Executioner's attack.
You block the Executioner's attack. The Executioner hits you.
You barely miss the Executioner. You block the Executioner's attack.
You block the Executioner's attack.
The Executioner hits you but does no damage.
You block the Executioner's attack.
The Executioner hits you but does no damage.
The Executioner barely misses you.
You closely miss the Executioner. You block the Executioner's attack.
You block the Executioner's attack. x2
The death yak rages.
You hit the Executioner but do no damage.
You block the Executioner's attack. x3
The Executioner hits you!!
The Executioner hits you but does no damage. x2
The spriggan berserker rages.
You bludgeon the Executioner!! You block the Executioner's attack.
You block the Executioner's attack. The Executioner closely misses you.
You block the Executioner's attack.
The Executioner hits you but does no damage. x2
You sock the Executioner! You block the Executioner's attack.
The Executioner hits you but does no damage.
You block the Executioner's attack.
You sock the Executioner! You block the Executioner's attack.
You block the Executioner's attack. x2
You take 18 damage, and have 86/201 hp.
You barely miss the Executioner. The Executioner hits you.
The Executioner hits you but does no damage.
The Executioner closely misses you. You block the Executioner's attack.
You block the Executioner's attack.
The Executioner hits you but does no damage.
You closely miss the Executioner. You block the Executioner's attack.
The Executioner barely misses you. You block the Executioner's attack.
You hit the Executioner. You block the Executioner's attack.
The Executioner hits you but does no damage.
You block the Executioner's attack. The Executioner hits you!
You block the Executioner's attack. The Executioner barely misses you.
You take 9 damage, and have 77/201 hp.
You completely miss the Executioner.
The Executioner hits you but does no damage.
You block the Executioner's attack. x2
The spriggan berserker rages.
You closely miss the Executioner. You block the Executioner's attack.
You block the Executioner's attack. The Executioner completely misses you.
You block the Executioner's attack.
The Executioner hits you but does no damage.
The Executioner misses you.
You barely miss the Executioner. The Executioner hits you!
The Executioner hits you but does no damage.
You block the Executioner's attack.
You take 8 damage, and have 69/201 hp.
You sock the Executioner! You block the Executioner's attack.
You block the Executioner's attack.
The Executioner hits you but does no damage.
The Executioner hits you! The Executioner closely misses you.
The Executioner hits you but does no damage.
The spriggan berserker rages.
You take 3 damage, and have 66/201 hp.
You sock the Executioner!
The Executioner hits you but does no damage.
You block the Executioner's attack.
The Executioner hits you but does no damage. x2
The Executioner completely misses you. You block the Executioner's attack.
Your shield prevents you from hitting the Executioner.
You block the Executioner's attack. x2
The Executioner barely misses you.
You closely miss the Executioner. The Executioner completely misses you.
You block the Executioner's attack. x2
The Executioner hits you but does no damage. x2
The Executioner closely misses you.
You sock the Executioner!
You kill the Executioner!
You sock the death yak! You block the death yak's attack.
You hit the death yak.
You are no longer berserk.
You are exhausted.
You feel yourself slow down.
The spriggan berserker rages.
You now have 44/134 hp.
You hit the death yak. The death yak gores you!
* * * LOW HITPOINT WARNING * * *
You block the death yak's attack.
You take 9 damage, and have 35/134 hp.

* * *
▓▓▓▓▓▓▓▓▓▓▓▓▓▓▓▓▓▓ ,
, ▓.[.▓...▓...▓...▓.
,* ▓.▓.▓.▓.▓.▓.▓.▓.▓.
, * ,
,▓.▓.▓.▓.▓.▓.▓.▓.▓. ,
,
,*,▓(▓.▓.▓.▓.▓.▓.▓.▓.
* *,*
▓(▓.▓.▓.▓[▓.▓.▓.▓. ,
,* ,*
▓@▓.▓.▓.▓.▓.▓.▓.▓. ,
* ▓Y▓.▓.▓.▓.▓.▓.▓.▓.
* *
,*,▓i▓.▓.▓.▓.▓.▓.▓.▓'
, , *,
▓Y▓.▓.▓.▓.▓.▓.▓.▓. ,
, ,*
▓O▓.▓.▓.▓'▓.▓.▓.▓. ,
,▓.▓.▓.▓.▓=▓.▓.▓.▓. *
, ▓.▓.▓.▓.▓.▓.▓.▓.▓.
*,
,▓[▓.▓.▓.▓.▓.▓.▓.▓. *
* ▓.▓.▓.▓.▓.▓.▓[▓.▓.


You could see 2 death yaks, a spriggan berserker (berserk) and a two-headed
ogre.

Vanquished Creatures
  A thorn hunter (D)
  A frost giant (D)
  An emperor scorpion (D)
  An ettin (D)
  An entropy weaver (D)
  Erica (D)
  A merfolk avatar (D)
  A merfolk aquamancer (D)
  2 deep troll earth magi (D)
  A deep troll shaman (D)
  A shock serpent (D)
  A spriggan berserker (D)
  2 wolf spiders (D)
  An orb spider (D)
  3 griffons (D)
  An orc sorcerer (D)
  Joseph (D)
  2 gargoyles (D)
  A black mamba (D)
  A spiny frog (D)
  A komodo dragon (D)
  A jumping spider (D)
  A merfolk (D)
  A troll (D)
  A snapping turtle (D)
  A two-headed ogre (D)
  A slime creature (D)
  A redback (D)
  4 yaks (D)
  4 trapdoor spiders (D)
  Eustachio (D)
  3 wolves (D)
  2 hippogriffs (D)
  An insubstantial wisp (D)
  A porcupine (D)
  A vampire mosquito (D)
  8 orc warriors (D)
  A water moccasin (D)
  A boggart (D)
  2 sky beasts (D)
  A centaur (D)
  2 crocodiles (D)
  2 giant frogs (D)
  6 orc priests (D)
  4 orc wizards (D)
  3 iguanas (D)
  2 adders (D)
  3 river rats (D)
  An adder skeleton (D)
  7 orcs (D)
  A bat (D)
  A bat skeleton (D)
  A bat zombie (D)
  A giant cockroach (D)
  A ball python zombie (D)
  A giant cockroach zombie (D)
  A goblin (D)
  3 kobolds (D)
103 creatures vanquished.

Vanquished Creatures (collateral kills)
  A stone giant (D)
  A vampire knight (D)
  An ettin (D)
  Josephine (D)
  An ice dragon (D)
  A spriggan air mage (D)
  A naga warrior (D)
  A hydra (D)
  A centaur warrior (D)
  2 deep troll shamans (D)
  A shock serpent (D)
  A deep troll earth mage (D)
  A spriggan berserker (D)
  2 sea snakes (D)
  A flayed ghost (D)
  A naga ritualist (D)
  9 orc knights (D)
  A hornet (D)
  2 salamanders (D)
  A guardian serpent (D)
  A siren (D)
  Psyche (D)
  A naga mage (D)
  A merfolk (D)
  A slime creature (D)
  A spriggan (D)
  5 wraiths (D)
  A warg (D)
  2 vampire mosquitoes (D)
  3 wolves (D)
  A hell hound (D)
  6 orc warriors (D)
  A wasp (D)
56 creatures vanquished.

Vanquished Creatures (others)
  A harpy (D)
  A briar patch (D)
2 creatures vanquished.

Grand Total: 161 creatures vanquished

Notes
Turn   | Place    | Note
--------------------------------------------------------------
     0 | D        | esc the Deep Dwarf Fighter began the quest for the Orb.
     0 | D        | Reached XP level 1. HP: 20/20 MP: 1/1
    14 | D        | Reached skill level 3 in Fighting
    14 | D        | Reached skill level 1 in Dodging
    20 | D        | Noticed an orc wizard
    24 | D        | Killed an orc wizard
    24 | D        | Reached skill level 3 in Maces & Flails
    24 | D        | Reached skill level 4 in Armour
    24 | D        | Reached skill level 2 in Dodging
    24 | D        | Reached skill level 4 in Shields
    24 | D        | Reached XP level 2. HP: 30/30 MP: 2/2
    24 | D        | Reached XP level 3. HP: 36/36 MP: 3/3
    37 | D        | Reached skill level 4 in Fighting
    37 | D        | Reached skill level 3 in Dodging
    49 | D        | Found a glowing silver altar of Zin.
    49 | D        | Found a glowing golden altar of the Shining One.
    49 | D        | Found an ancient bone altar of Kikubaaqudgha.
    49 | D        | Found a basalt altar of Yredelemnul.
    49 | D        | Found a shimmering altar of Xom.
    49 | D        | Found a radiant altar of Vehumet.
    50 | D        | Found an iron altar of Okawaru.
    51 | D        | Found a burning altar of Makhleb.
    52 | D        | Found a deep blue altar of Sif Muna.
    53 | D        | Found a bloodstained altar of Trog.
    54 | D        | Found a sparkling altar of Nemelex Xobeh.
    55 | D        | Found a white marble altar of Elyvilon.
    56 | D        | Found a roughly hewn altar of Beogh.
    57 | D        | Found a viscous altar of Jiyva.
    58 | D        | Found a corrupted altar of Lugonu.
    59 | D        | Became a worshipper of Makhleb the Destroyer
    60 | D        | Found a blossoming altar of Fedhas.
    61 | D        | Found a snail-covered altar of Cheibriados.
    62 | D        | Found a shadowy altar of Dithmenos.
    63 | D        | Found a stormy altar of Qazlal.
    64 | D        | Found an opulent altar of Gozag.
    65 | D        | Found a sacrificial altar of Ru.
   110 | D        | Noticed a sky beast
   110 | D        | Noticed an iguana
   110 | D        | Noticed a centaur
   110 | D        | Noticed a two-headed ogre
   110 | D        | Noticed a gargoyle
   113 | D        | Killed a centaur
   113 | D        | Reached skill level 4 in Maces & Flails
   113 | D        | Reached skill level 5 in Armour
   113 | D        | Reached skill level 4 in Dodging
   113 | D        | Reached skill level 5 in Shields
   113 | D        | Reached XP level 4. HP: 29/45 MP: 4/4
   113 | D        | Killed a two-headed ogre
   113 | D        | Acquired Makhleb's first power
   113 | D        | Reached skill level 6 in Fighting
   113 | D        | Reached skill level 6 in Maces & Flails
   113 | D        | Reached skill level 7 in Armour
   113 | D        | Reached skill level 6 in Dodging
   113 | D        | Reached skill level 7 in Shields
   113 | D        | Reached XP level 5. HP: 33/55 MP: 5/5
   113 | D        | Reached XP level 6. HP: 37/62 MP: 6/6
   115 | D        | Killed a sky beast
   117 | D        | Killed an iguana
   117 | D        | Acquired Makhleb's second power
   120 | D        | Killed a gargoyle
   120 | D        | Reached skill level 7 in Fighting
   120 | D        | Reached skill level 7 in Maces & Flails
   120 | D        | Reached skill level 8 in Armour
   120 | D        | Reached skill level 7 in Dodging
   120 | D        | Reached skill level 8 in Shields
   120 | D        | Reached XP level 7. HP: 46/72 MP: 7/7
   132 | D        | Noticed an orc warrior
   132 | D        | Noticed a gargoyle
   132 | D        | Noticed a troll
   132 | D        | Noticed a hippogriff
   132 | D        | Noticed a yak
   142 | D        | HP: 16/72 [orc warrior/glaive (15)]
   148 | D        | Killed an orc warrior
   148 | D        | Reached skill level 9 in Armour
   148 | D        | Reached skill level 8 in Dodging
   148 | D        | Reached skill level 9 in Shields
   161 | D        | Killed a gargoyle
   161 | D        | Reached skill level 8 in Fighting
   161 | D        | Reached skill level 8 in Maces & Flails
   161 | D        | Reached XP level 8. HP: 58/81 MP: 8/8
   170 | D        | Killed a troll
   170 | D        | Reached skill level 9 in Dodging
   174 | D        | Killed a hippogriff
   174 | D        | Acquired Makhleb's third power
   185 | D        | Killed a yak
   185 | D        | Reached skill level 10 in Armour
   185 | D        | Reached skill level 10 in Shields
   305 | D        | Noticed an iguana
   305 | D        | Noticed a yak
   305 | D        | Noticed an iguana
   305 | D        | Noticed a crocodile
   305 | D        | Noticed a hippogriff
   308 | D        | Noticed a water moccasin
   308 | D        | Acquired Makhleb's fourth power
   310 | D        | Noticed a griffon
   313 | D        | Killed an iguana
   313 | D        | Reached skill level 9 in Maces & Flails
   318 | D        | Noticed a giant frog
   322 | D        | Killed a yak
   322 | D        | Reached skill level 1 in Invocations
   322 | D        | Reached skill level 1 in Evocations
   326 | D        | Killed an iguana
   338 | D        | Killed a crocodile
   338 | D        | Acquired Makhleb's fifth power
   338 | D        | Reached skill level 2 in Invocations
   338 | D        | Reached skill level 2 in Evocations
   346 | D        | Killed a hippogriff
   346 | D        | Gained mutation: You passively map the area around you. [Deep Dwarf growth]
   346 | D        | Reached XP level 9. HP: 86/90 MP: 9/11
   367 | D        | Killed a griffon
   367 | D        | Reached skill level 9 in Fighting
   367 | D        | Reached skill level 10 in Dodging
   367 | D        | Reached skill level 4 in Invocations
   367 | D        | Reached skill level 3 in Evocations
   370 | D        | Killed a water moccasin
   370 | D        | Reached skill level 4 in Evocations
   377 | D        | Killed a giant frog
   394 | D        | Noticed a spiny frog
   394 | D        | Noticed a crocodile
   394 | D        | Noticed a griffon
   394 | D        | Noticed a yak
   400 | D        | Noticed a porcupine
   401 | D        | Noticed a komodo dragon
   408 | D        | Killed a spiny frog
   408 | D        | Reached skill level 11 in Armour
   408 | D        | Reached skill level 11 in Shields
   408 | D        | Reached skill level 5 in Invocations
   408 | D        | Reached skill level 5 in Evocations
   412 | D        | Noticed a yak
   428 | D        | Killed a griffon
   428 | D        | Reached skill level 10 in Maces & Flails
   434 | D        | HP: 19/92 [crocodile (11)]
   445 | D        | Killed a crocodile
   461 | D        | Killed a yak
   468 | D        | Killed a porcupine
   468 | D        | Reached skill level 6 in Invocations
   468 | D        | Reached skill level 6 in Evocations
   483 | D        | Killed a komodo dragon
   483 | D        | Reached XP level 10. HP: 75/100 MP: 14/14
   493 | D        | Killed a yak
   514 | D        | Noticed a wolf
   514 | D        | Noticed a wolf
   514 | D        | Noticed a wolf
   514 | D        | Noticed a wolf
   514 | D        | Noticed a warg
   518 | D        | Noticed a wolf
   519 | D        | Noticed a hell hound
   519 | D        | Killed a warg
   519 | D        | Killed a wolf
   520 | D        | Killed a wolf
   520 | D        | Reached skill level 11 in Dodging
   520 | D        | Killed a wolf
   525 | D        | Noticed a wolf
   525 | D        | Killed a hell hound
   525 | D        | Reached skill level 7 in Invocations
   535 | D        | Killed a wolf
   535 | D        | Reached skill level 7 in Evocations
   546 | D        | Killed a wolf
   546 | D        | Reached skill level 10 in Fighting
   552 | D        | Killed a wolf
   719 | D        | Noticed an orc warrior
   719 | D        | Noticed an orc wizard
   719 | D        | Noticed an orc priest
   719 | D        | Noticed an orc wizard
   726 | D        | Noticed an orc priest
   727 | D        | Killed an orc warrior
   732 | D        | Killed an orc wizard
   735 | D        | Noticed an orc warrior
   740 | D        | Noticed an orc wizard
   742 | D        | Killed an orc priest
   745 | D        | Killed an orc wizard
   754 | D        | Noticed an orc priest
   755 | D        | Killed an orc warrior
   759 | D        | Noticed an orc priest
   763 | D        | Killed an orc priest
   766 | D        | Killed an orc priest
   770 | D        | Killed an orc wizard
   774 | D        | Killed an orc priest
   826 | D        | Noticed an orc warrior
   826 | D        | Noticed an orc priest
   826 | D        | Noticed an orc priest
   826 | D        | Noticed an orc warrior
   826 | D        | Noticed an orc warrior
   827 | D        | Killed an orc priest
   828 | D        | Noticed an orc warrior
   832 | D        | Killed an orc warrior
   832 | D        | Reached skill level 12 in Armour
   833 | D        | Noticed an orc warrior
   834 | D        | Noticed an orc warrior
   838 | D        | Killed an orc warrior
   841 | D        | Killed an orc priest
   842 | D        | Noticed an orc warrior
   846 | D        | Noticed an orc sorcerer
   875 | D        | Killed an orc warrior
   882 | D        | Killed an orc warrior
   882 | D        | Reached skill level 8 in Invocations
   885 | D        | Killed an orc warrior
   900 | D        | Killed an orc sorcerer
   900 | D        | Reached skill level 12 in Shields
   900 | D        | Killed an orc warrior
   900 | D        | Reached skill level 11 in Maces & Flails
   914 | D        | Killed an orc warrior
   964 | D        | Found Antewnyc's Distillery.
   964 | D        | Noticed an orc warrior
   964 | D        | Noticed an orc knight
   964 | D        | Noticed an orc warrior
   964 | D        | Noticed an orc knight
   964 | D        | Noticed an orc knight
   966 | D        | Noticed an orc knight
   968 | D        | Killed an orc warrior
   969 | D        | Killed an orc knight
   971 | D        | Killed an orc knight
   972 | D        | Noticed an orc knight
   972 | D        | Killed an orc knight
   972 | D        | Reached skill level 9 in Invocations
   972 | D        | Killed an orc warrior
   977 | D        | Noticed an orc warrior
   980 | D        | Killed an orc knight
   983 | D        | Killed an orc knight
   983 | D        | Reached skill level 12 in Dodging
   990 | D        | Found Cocseomn's Antique Weapon Shoppe.
   998 | D        | Killed an orc warrior
  1011 | D        | Found Goteyled's Antique Armour Emporium.
  1017 | D        | Found Mitiskat's Antique Weapon Shoppe.
  1019 | D        | Noticed an orc warrior
  1020 | D        | Noticed an orc knight
  1021 | D        | Noticed an orc knight
  1023 | D        | Noticed an orc knight
  1028 | D        | Noticed an orc knight
  1032 | D        | Killed an orc knight
  1032 | D        | Killed an orc knight
  1034 | D        | Killed an orc knight
  1034 | D        | Reached XP level 11. HP: 73/110 MP: 16/16
  1035 | D        | Killed an orc knight
  1036 | D        | Killed an orc warrior
  1090 | D        | Bought a bloodstained plate armour for 644 gold pieces
  1090 | D        | Bought an embroidered cloak for 103 gold pieces
  1110 | D        | Identified the +11 plate armour of the Catfish {MR+ Str+2 Int+2} (You bought it in a shop in the Dungeon)
  1116 | D        | Bought a potion of heal wounds for 55 gold pieces
  1116 | D        | Bought a potion of haste for 110 gold pieces
  1116 | D        | Bought a potion of haste for 110 gold pieces
  1116 | D        | Bought a potion of haste for 110 gold pieces
  1116 | D        | Bought a potion of might for 44 gold pieces
  1116 | D        | Bought a potion of haste for 110 gold pieces
  1116 | D        | Bought a potion of haste for 110 gold pieces
  1116 | D        | Bought a potion of curing for 33 gold pieces
  1116 | D        | Bought a potion of curing for 33 gold pieces
  1116 | D        | Bought a potion of cancellation for 88 gold pieces
  1116 | D        | Bought a potion of heal wounds for 55 gold pieces
  1120 | D        | Bought a runed whip for 65 gold pieces
  1177 | D        | Noticed Erica
  1200 | D        | Killed Erica
  1200 | D        | Reached skill level 11 in Fighting
  1200 | D        | Reached skill level 10 in Invocations
  1207 | D        | Noticed Psyche
  1208 | D        | Noticed a wraith
  1212 | D        | Killed Psyche
  1212 | D        | Reached skill level 13 in Armour
  1213 | D        | Noticed a wraith
  1213 | D        | Killed a wraith
  1214 | D        | Killed a wraith
  1215 | D        | Noticed a wraith
  1216 | D        | Noticed Josephine
  1216 | D        | Killed a wraith
  1218 | D        | Killed Josephine
  1218 | D        | Reached skill level 13 in Shields
  1219 | D        | Noticed a wraith
  1221 | D        | Noticed a wraith
  1224 | D        | Killed a wraith
  1225 | D        | Killed a wraith
  1241 | D        | Noticed Joseph
  1267 | D        | Killed Joseph
  1267 | D        | Reached skill level 12 in Maces & Flails
  1321 | D        | Got the +5 hunting sling of Foitim {velocity, rF- MR++}
  1401 | D        | Noticed a centaur warrior
  1401 | D        | Noticed a sky beast
  1401 | D        | Noticed a griffon
  1401 | D        | Noticed a giant frog
  1409 | D        | Killed a centaur warrior
  1425 | D        | Killed a sky beast
  1430 | D        | Noticed a boggart
  1442 | D        | Killed a griffon
  1442 | D        | Reached skill level 11 in Invocations
  1448 | D        | Killed a giant frog
  1450 | D        | Noticed a slime creature
  1458 | D        | Killed a boggart
  1459 | D        | Noticed a frost giant
  1461 | D        | Noticed an entropy weaver
  1469 | D        | Killed a slime creature
  1471 | D        | Noticed a deep troll earth mage
  1474 | D        | HP: 1/111 [frost giant/bolt of cold (43)]
  1677 | D        | Killed a frost giant
  1677 | D        | Reached skill level 13 in Dodging
  1691 | D        | Killed an entropy weaver
  1697 | D        | Noticed a deep troll shaman
  1707 | D        | Killed a deep troll earth mage
  1731 | D        | Noticed a deep troll earth mage
  1755 | D        | Killed a deep troll shaman
  1755 | D        | Reached skill level 12 in Fighting
  1755 | D        | Reached skill level 14 in Armour
  1755 | D        | Reached skill level 12 in Invocations
  1773 | D        | HP: 28/114 [deep troll earth mage (6)]
  1786 | D        | Killed a deep troll earth mage
  1786 | D        | Reached skill level 14 in Shields
  1817 | D        | Noticed a trapdoor spider
  1825 | D        | Killed a trapdoor spider
  1846 | D        | Noticed Eustachio
  1883 | D        | Killed Eustachio
  1957 | D        | Noticed a redback
  1957 | D        | Noticed a wolf spider
  1957 | D        | Noticed a wolf spider
  1957 | D        | Noticed an orb spider
  1957 | D        | Noticed a trapdoor spider
  1961 | D        | Noticed a jumping spider
  1961 | D        | Killed a redback
  1965 | D        | Noticed a trapdoor spider
  1972 | D        | Killed a wolf spider
  1972 | D        | Reached XP level 12. HP: 122/122 MP: 17/17
  1979 | D        | Killed a wolf spider
  1979 | D        | Reached skill level 13 in Maces & Flails
  1986 | D        | Killed a jumping spider
  1989 | D        | Killed an orb spider
  1992 | D        | Noticed an emperor scorpion
  1997 | D        | Killed a trapdoor spider
  2076 | D        | HP: 28/123 [emperor scorpion (15)]
  2097 | D        | HP: 27/123 [emperor scorpion (8)]
  2105 | D        | HP: 28/123 [emperor scorpion (12)]
  2110 | D        | Killed an emperor scorpion
  2110 | D        | Reached skill level 14 in Dodging
  2110 | D        | Reached skill level 13 in Invocations
  2117 | D        | Noticed a trapdoor spider
  2127 | D        | Killed a trapdoor spider
  2137 | D        | Killed a trapdoor spider
  2153 | D        | Noticed a siren
  2153 | D        | Noticed a merfolk
  2153 | D        | Noticed a sea snake
  2153 | D        | Noticed a snapping turtle
  2153 | D        | Noticed a sea snake
  2153 | D        | Noticed a harpy
  2157 | D        | Killed a merfolk
  2163 | D        | Killed a siren
  2165 | D        | Noticed a merfolk aquamancer
  2165 | D        | Killed a sea snake
  2169 | D        | Noticed a merfolk
  2169 | D        | Killed a sea snake
  2171 | D        | Killed a snapping turtle
  2176 | D        | Noticed a merfolk avatar
  2187 | D        | Killed a harpy
  2191 | D        | Killed a merfolk aquamancer
  2198 | D        | Killed a merfolk avatar
  2207 | D        | Killed a merfolk
  2225 | D        | Noticed a shock serpent
  2225 | D        | Noticed a naga mage
  2225 | D        | Noticed a naga ritualist
  2225 | D        | Noticed a salamander
  2225 | D        | Noticed a shock serpent
  2225 | D        | Noticed a guardian serpent
  2229 | D        | Killed a shock serpent
  2232 | D        | Noticed a black mamba
  2232 | D        | Killed a naga mage
  2232 | D        | Reached skill level 15 in Armour
  2234 | D        | Noticed a salamander
  2236 | D        | Noticed a naga warrior
  2236 | D        | Killed a naga ritualist
  2246 | D        | Killed a shock serpent
  2247 | D        | Killed a salamander
  2251 | D        | Killed a guardian serpent
  2251 | D        | Reached skill level 15 in Shields
  2256 | D        | Killed a black mamba
  2256 | D        | Reached skill level 13 in Fighting
  2258 | D        | Killed a salamander
  2258 | D        | Reached skill level 14 in Invocations
  2263 | D        | Killed a naga warrior
  2280 | D        | Noticed a vampire mosquito
  2280 | D        | Noticed a hornet
  2280 | D        | Noticed a spriggan rider
  2280 | D        | Noticed a vampire mosquito
  2280 | D        | Noticed a six-headed hydra
  2280 | D        | Noticed an insubstantial wisp
  2282 | D        | Killed a vampire mosquito
  2284 | D        | Killed a hornet
  2286 | D        | Killed a spriggan
  2286 | D        | Killed a wasp
  2288 | D        | Killed a six-headed hydra
  2289 | D        | Noticed a thorn hunter
  2289 | D        | Killed a vampire mosquito
  2295 | D        | Noticed a vampire mosquito
  2296 | D        | Noticed a slime creature
  2313 | D        | Killed a thorn hunter
  2313 | D        | Reached skill level 14 in Maces & Flails
  2313 | D        | Reached skill level 15 in Dodging
  2322 | D        | Killed a slime creature
  2329 | D        | Killed a vampire mosquito
  2337 | D        | Killed an insubstantial wisp
  2453 | D        | Noticed a vampire knight
  2453 | D        | Noticed a spriggan air mage
  2453 | D        | Noticed an ettin
  2453 | D        | Noticed an ettin
  2453 | D        | Noticed a spriggan berserker
  2453 | D        | Noticed a flayed ghost
  2473 | D        | HP: 28/126 [spriggan air mage/the air (12)]
  2480 | D        | HP: 27/126 [something (17)]
  2482 | D        | Killed a vampire knight
  2484 | D        | Killed an ettin
  2487 | D        | Killed an ettin
  2490 | D        | Killed a spriggan berserker
  2493 | D        | Killed a spriggan air mage
  2493 | D        | Reached XP level 13. HP: 64/133 MP: 17/19
  2496 | D        | Killed a flayed ghost
  2502 | D        | Noticed a stone giant
  2508 | D        | Noticed an ice dragon
  2510 | D        | Killed a stone giant
  2512 | D        | Killed an ice dragon
  2512 | D        | Reached skill level 15 in Invocations
  2550 | D        | Noticed a deep troll earth mage
  2555 | D        | Noticed a deep troll shaman
  2557 | D        | Killed a deep troll earth mage
  2559 | D        | Killed a deep troll shaman
  2573 | D        | Noticed a deep troll shaman
  2574 | D        | Noticed a spriggan berserker
  2575 | D        | Noticed a spriggan berserker
  2579 | D        | Killed a deep troll shaman
  2583 | D        | Killed a spriggan berserker
  2590 | D        | Noticed an Executioner
  2622 | D        | Killed an Executioner
  2626 | D        | Quit the game

Vault maps used:
D:        linesprint

Action                   |  1- 3 |  4- 6 |  7- 9 | 10-12 | 13-15 || total
-------------------------+-------+-------+-------+-------+-------++-------
Melee: Flail             |    27 |     5 |   207 |   359 |    32 ||   630
       Whip              |       |       |       |   246 |       ||   246
Invok: Greater Servant o |       |       |       |    17 |     1 ||    18
       Major Destruction |       |       |       |     9 |     1 ||    10
 Abil: Device Recharging |       |       |       |     5 |     1 ||     6
Evoke: Wand              |     1 |     3 |     6 |    22 |     2 ||    34
  Use: Potion            |     1 |       |     2 |     4 |     1 ||     8
       Scroll            |       |       |       |       |     1 ||     1
  Eat: Chunk             |       |       |       |     4 |       ||     4
       Bread ration      |       |       |       |     2 |       ||     2

Vault maps used:
D:        linesprint

Table legend:
 A = Turns spent in this place as a percentage of turns spent in the entire game.
 B = Non-inter-level travel turns spent in this place as a percentage of non-inter-level travel turns spent in the entire game.
 C = Inter-level travel turns spent in this place as a percentage of turns spent in this place.
 D = Turns resting spent in this place as a percentage of non-inter-level travel turns spent in this place.
 E = Turns spent auto-exploring this place as a percentage of non-inter-level travel turns spent in this place.
 F = Non-inter-level travel turns spent in this place divided by the number of levels of this place that you've seen.
                   A       B       C       D       E      F
               +-------+-------+-------+-------+-------+----------------------
         Total | 100.0 | 100.0 |   0.0 |   0.1 |   0.7 | 2145.0
       Dungeon | 100.0 | 100.0 |   0.0 |   0.1 |   0.7 | 2145.0
               +-------+-------+-------+-------+-------+----------------------

Table legend:
 A = Kills in this place as a percentage of kills in entire the game.
 B = Kills by you in this place as a percentage of kills by you in the entire game.
 C = Kills by friends in this place as a percentage of kills by friends in the entire game.
 D = Other kills in this place as a percentage of other kills in the entire game.
 E = Experience gained in this place as a percentage of experience gained in the entire game.
 F = Experience gained in this place divided by the number of levels of this place that you have seen.
                   A       B       C       D       E      F
               +-------+-------+-------+-------+-------+----------------------
         Total | 100.0 | 100.0 | 100.0 | 100.0 | 100.0 | 41796.0
       Dungeon | 100.0 | 100.0 | 100.0 | 100.0 | 100.0 | 41796.0
               +-------+-------+-------+-------+-------+----------------------
